 Dungeon Crawl Stone Soup version 0.17-a0-1996-gd2c0ec8 (webtiles) character file.

7350 Duffy the Fighter (level 10, -15/80 HPs)
             Began as a Mummy Fire Elementalist on Oct 7, 2015.
             Was a Believer of Cheibriados.
             Demolished by a cyclops (23 damage)
             ... on level 11 of the Dungeon.
             The game lasted 00:22:45 (15259 turns).

Duffy the Fighter (Mummy Fire Elementalist)        Turns: 15259, Time: 00:22:45

Health: -15/80     AC: 12    Str: 17    XL:     10   Next: 91%
Magic:  8/16       EV: 18    Int: 22    God:    Cheibriados [**....]
Gold:   284        SH:  0    Dex: 21    Spells: 3 memorised, 9 levels left

rFire  . . .     SeeInvis .     s - +0 trident (protect)
rCold  + + .     Clarity  .     l - +2 robe {rC+}
rNeg   + + +     SustAt   .     (no shield)
rPois  ∞         Gourm    .     a - +0 helmet "Cucabied" {MR++ Int+3}
rElec  .         Spirit   .     h - +0 cloak
rCorr  .         Warding  .     w - +0 pair of gloves
rMut   .         Stasis   .     (no boots)
MR     +++..                    (no amulet)
Stlth  ++........               (no ring)
                                f - ring of protection from fire

@: very slow, extremely resistant to hostile enchantments, unstealthy
A: no food or potions, fire vulnerability, cold resistance 1, negative energy
resistance 3, torment resistance, unbreathing
a: Bend Time, Renounce Religion


You were on level 11 of the Dungeon.
You worshipped Cheibriados.
Cheibriados was pleased with you.
You were not hungry.

You visited 2 branches of the dungeon, and saw 12 of its levels.

You collected 622 gold pieces.
You spent 338 gold pieces at shops.


Innate Abilities, Weirdness & Mutations

You do not eat or drink.
Your flesh is vulnerable to fire.
You are immune to poison.
Your flesh is cold resistant.
You are immune to negative energy.
You are immune to unholy pain and torment.
You can survive without breathing.


   Skills:
 + Level 8.0 Fighting
 + Level 6.7 Dodging
 - Level 1.5 Stealth
 - Level 4.2 Spellcasting
 - Level 7.0 Conjurations
 - Level 7.5 Fire Magic


You had 9 spell levels left.
You knew the following spells:

 Your Spells              Type           Power        Failure   Level  Hunger
a - Flame Tongue          Conj/Fire      #####        1%          1    N/A
c - Conjure Flame         Conj/Fire      #####...     1%          3    N/A
s - Sticky Flame          Conj/Fire      #####...     8%          4    N/A

Inventory:

Hand Weapons
 k - a +0 blowgun
 q - a +2 whip of electrocution
 s - a +0 trident of protection (weapon)
Missiles
 c - 3 throwing nets (quivered)
 i - 39 poisoned needles
 v - 7 javelins of penetration
 x - 3 javelins of returning
 y - 2 curare-tipped needles
Armour
 a - the +0 helmet "Cucabied" (worn) {MR++ Int+3}

   It affects your intelligence (+3).
   It affects your resistance to hostile enchantments.
 h - a +0 cloak (worn)
 l - a +2 robe of cold resistance (worn)
 w - a +0 pair of gloves (worn)
 z - a troll hide
Jewellery
 f - a ring of protection from fire (left hand)
 u - an uncursed ring of ice
Wands
 o - a wand of magic darts (21)
Scrolls
 d - 8 scrolls of teleportation
 e - 2 scrolls of amnesia
 g - a scroll of fog
 j - 3 scrolls of enchant armour
 m - 2 scrolls of recharging
 n - a scroll of immolation
 p - 4 scrolls of remove curse
Books
 b - a book of Flames

Dungeon Overview and Level Annotations

Branches:
Dungeon (11/15)            Temple (1/1) D:5             Orc (0/4) D:9
   Lair: D:8-11

Altars:
Ashenzari
Cheibriados
Dithmenos
Elyvilon
Fedhas
Gozag
Kikubaaqudgha
Makhleb
Nemelex Xobeh
Okawaru
Qazlal
Ru
Sif Muna
Trog
Vehumet
Xom
Yredelemnul
Zin
The Shining One

Shops:
D:4 [   D:5 =

Annotations:
D:9 1 exclusion


Message History

The cyclops hits you but does no damage.
Casting: Sticky Flame
Confirm with . or Enter, or press ? or * to list all spells.
Aiming: Flame Tongue
Press: ? - help, Shift-Dir - straight line, f/p - cyclops
Aim: a cyclops (moderately wounded, covered in liquid flames)
The flame tongue hits the cyclops.
The cyclops is moderately wounded.
The cyclops burns!
The sheep misses you. The cyclops hits you!!
Casting: Flame Tongue
Confirm with . or Enter, or press ? or * to list all spells.
Aiming: Flame Tongue
Press: ? - help, Shift-Dir - straight line, f/p - cyclops
Aim: a cyclops (heavily wounded, covered in liquid flames)
The flame tongue hits the cyclops.
The cyclops appears unharmed.
The cyclops is heavily wounded.
The cyclops burns!
The sheep bites you!
Casting: Flame Tongue
Confirm with . or Enter, or press ? or * to list all spells.
Aiming: Flame Tongue
Press: ? - help, Shift-Dir - straight line, f/p - cyclops
Aim: a cyclops (heavily wounded, covered in liquid flames)
The flame tongue hits the cyclops.
The cyclops is severely wounded.
The cyclops burns!
The cyclops stops burning.
The sheep completely misses you. The cyclops barely misses you.
Casting: Flame Tongue
Confirm with . or Enter, or press ? or * to list all spells.
Aiming: Flame Tongue
Press: ? - help, Shift-Dir - straight line, f/p - cyclops
Aim: a cyclops (severely wounded)
The flame tongue hits the cyclops.
The cyclops is almost dead.
The sheep bites you. The cyclops hits you!!
You die...

#.............#
#..............
##..............
.........(......
................
........<..$....
.......††.......
.......(........
......Y@........
.......C...#....
................
............#...
...........## ..
...........#
..#######..# ..
..#


You could see a cyclops and a sheep.

Action                   |  1- 3 |  4- 6 |  7- 9 | 10-12 || total
-------------------------+-------+-------+-------+-------++-------
Melee: Quarterstaff      |       |       |   116 |     7 ||   123
       Trident           |       |       |       |    62 ||    62
 Cast: Flame Tongue      |    90 |    91 |   298 |   214 ||   693
       Sticky Flame      |       |     1 |    21 |    16 ||    38
       Conjure Flame     |       |       |     2 |     2 ||     4
  Use: Scroll            |       |       |     6 |     6 ||    12

Notes
Turn   | Place    | Note
--------------------------------------------------------------
     0 | D:1      | Duffy the Mummy Fire Elementalist began the quest for the Orb.
     0 | D:1      | Reached XP level 1. HP: 13/13 MP: 3/3
    11 | D:1      | Reached skill level 1 in Conjurations
   285 | D:1      | Reached XP level 2. HP: 19/19 MP: 3/5
   708 | D:1      | Reached skill level 2 in Conjurations
  1156 | D:2      | Found an opulent altar of Gozag.
  1163 | D:2      | Reached XP level 3. HP: 24/24 MP: 2/6
  1205 | D:2      | Learned a level 3 spell: Conjure Flame
  2208 | D:2      | Reached skill level 3 in Conjurations
  2333 | D:2      | Reached XP level 4. HP: 15/30 MP: 0/7
  2946 | D:3      | Reached skill level 3 in Fire Magic
  3263 | D:3      | Found a burning altar of Makhleb.
  3522 | D:4      | Noticed Sigmund
  3601 | D:4      | Found a sacrificial altar of Ru.
  3604 | D:4      | Noticed Menkaure
  3617 | D:4      | Killed Menkaure
  3617 | D:4      | Reached XP level 5. HP: 24/35 MP: 1/8
  3754 | D:4      | Learned a level 4 spell: Sticky Flame
  3791 | D:4      | Killed Sigmund
  3791 | D:4      | Reached skill level 4 in Conjurations
  3791 | D:4      | Reached skill level 4 in Fire Magic
  3791 | D:4      | Reached XP level 6. HP: 10/41 MP: 0/9
  4347 | D:4      | Found a shadowy altar of Dithmenos.
  4472 | D:4      | Found Arusomn's Antique Armour Boutique.
  4577 | D:4      | Bought a runed robe for 13 gold pieces
  4603 | D:4      | Reached XP level 7. HP: 37/46 MP: 3/10
  4916 | D:4      | Noticed Crazy Yiuf
  4960 | D:4      | Killed Crazy Yiuf
  5046 | D:4      | Found a sparkling altar of Nemelex Xobeh.
  5256 | D:4      | Noticed an eye of draining
  5270 | D:4      | Killed an eye of draining
  5270 | D:4      | Reached skill level 5 in Fire Magic
  5381 | D:5      | Entered Level 5 of the Dungeon
  5825 | D:5      | Reached skill level 5 in Conjurations
  5926 | D:5      | Found Wudy's Jewellery Shop.
  5976 | D:5      | Found a staircase to the Ecumenical Temple.
  6088 | Temple   | Entered the Ecumenical Temple
  6427 | D:5      | Found a white marble altar of Elyvilon.
  6497 | D:6      | Noticed Grinder
  6508 | D:5      | Killed Grinder
  6508 | D:5      | Reached skill level 3 in Spellcasting
  6508 | D:5      | Reached XP level 8. HP: 45/52 MP: 6/12
  6855 | D:6      | Noticed Pikel
  6981 | D:5      | Reached skill level 6 in Fire Magic
  7420 | D:6      | Reached skill level 6 in Conjurations
  7533 | D:6      | Killed Pikel
  7533 | D:6      | Reached skill level 4 in Spellcasting
  7657 | D:6      | Reached XP level 9. HP: 56/58 MP: 9/15
  7711 | D:6      | Reached skill level 1 in Fighting
  7745 | D:6      | Found a stormy altar of Qazlal.
  8237 | D:6      | Reached skill level 7 in Fire Magic
  8252 | D:6      | Reached skill level 7 in Conjurations
  8349 | D:6      | Found a radiant altar of Vehumet.
  8350 | D:6      | Found a white marble altar of Elyvilon.
  8836 | D:7      | Found an ancient bone altar of Kikubaaqudgha.
  9241 | D:5      | Bought an uncursed ring of protection from fire for 325 gold pieces
  9293 | D:7      | Reached skill level 2 in Fighting
  9524 | D:7      | Reached skill level 2 in Dodging
  9805 | D:7      | Reached skill level 3 in Fighting
 10032 | D:7      | Reached skill level 3 in Dodging
 10570 | D:7      | Reached skill level 4 in Fighting
 11375 | D:8      | Reached skill level 4 in Dodging
 11436 | D:8      | Reached XP level 10. HP: 65/73 MP: 5/16
 11583 | D:8      | Reached skill level 5 in Fighting
 11692 | D:8      | Found a snail-covered altar of Cheibriados.
 11723 | D:8      | Became a worshipper of Cheibriados the Contemplative
 11770 | D:8      | Got a translucent helmet
 11781 | D:8      | Identified the +0 helmet "Cucabied" {MR++ Int+3} (You found it on level 8 of the Dungeon)
 12447 | D:9      | Reached skill level 5 in Dodging
 12659 | D:9      | Acquired Cheibriados's first power
 12788 | D:9      | Reached skill level 6 in Fighting
 12839 | D:9      | Found a staircase to the Orcish Mines.
 13835 | D:9      | Found a basalt altar of Yredelemnul.
 13835 | D:9      | Found a blossoming altar of Fedhas.
 13941 | D:10     | Entered Level 10 of the Dungeon
 14060 | D:9      | Reached skill level 7 in Fighting
 14060 | D:9      | Reached skill level 6 in Dodging
 14796 | D:10     | Noticed an unseen horror
 14800 | D:10     | Killed an unseen horror
 15017 | D:10     | Reached skill level 8 in Fighting
 15142 | D:11     | Noticed a cyclops
 15259 | D:11     | Demolished by a cyclops

Vault maps used:
D:1:      dpeg_arrival_pond, serial_bayou_crossing
D:2:      nicolae_gozag_seed_capital
D:3:      nicolae_overflow_crystal_walls, first_bread
D:4:      nicolae_ru_sacrificial_ziggurat, kennysheep_mini_moat, serial_shops,
          nicolae_shop_waterfront, grunt_dithmenos_shadows, uniq_sigmund,
          uniq_menkaure, uniq_crazy_yiuf_cottage
D:5:      lemuel_ice_spiral_2, minmay_temple_entry_large_hall, serial_shops,
          nicolae_shop_behind_doors, basic_altar
D:6:      overflow_temple_1_default, gammafunk_temple_overflow_statue,
          portal_sewer_entry_d, uniq_pikel, uniq_grinder
D:7:      kennysheep_housing_project, kiku_gazebo_pond_becter
D:8:      slow_altar_1
D:9:      gammafunk_temple_overflow_elements, minmay_orc_entry_guard_dogs,
          hangedman_ranch
D:10:     dpeg_lair_monsters, lemuel_hellish_altar, uniq_maud
D:11:     portal_ice_cave_entry_ice_beasts
Temple:   circular_temple_pool_8

Vanquished Creatures
  An unseen horror Pikel
  A centaur zombie
  A troll Grinder
  A two-headed ogre Sigmund
  A wyvern
  A hippogriff Menkaure
  2 hungry ghosts
  4 wargs
  2 orc warriors
  A necrophage
  An eye of draining
  A sky beast
  A crocodile
  6 centaurs
  3 slaves
  4 ice beasts
  3 ogres
  3 phantoms
  5 big kobolds
  A giant frog
  A gnoll sergeant
  3 scorpions
  2 crimson imps
  2 giant frog zombies
  A jelly
  A quasit
  12 hounds
  7 orc wizards Crazy Yiuf
  3 gnoll shamans
  5 orc priests
  4 worker ants
  2 iguanas
  An iron imp
  2 sheep
  2 worker ant zombies
  A hound skeleton
  15 adders
  18 gnolls
  3 shadow imps
  An ooze
  An adder skeleton
  2 adder zombies
  4 worms
  8 giant geckos
  29 orcs
  9 bats
  3 giant cockroaches
  11 hobgoblins
  7 jackals
  8 quokkas
  3 ball pythons
  A giant gecko skeleton
  A giant gecko zombie
  4 giant newts
  12 goblins
  A jackal skeleton
  25 kobolds
  4 rats
  9 plants
276 creatures vanquished.
